 Dungeon Crawl Stone Soup version 0.28.0-53-g5a82cb258f (webtiles) character file.

Game seed: 12088460616879386300

581 Peloso the Covered (level 7, -3/60 HPs)
             Began as a Minotaur Fighter on June 1, 2022.
             Slain by an orc warrior
             ... wielding a +0 mace
              (8 damage)
             ... on level 3 of the Dungeon.
             The game lasted 00:03:07 (3109 turns).

Peloso the Covered (Minotaur Fighter)               Turns: 3109, Time: 00:03:07

Health: -3/60      AC: 10    Str: 18 (21) XL:     7   Next: 13%
Magic:  6/6        EV:  7    Int:  4 (5)  God:
Gold:   121        SH:  4    Dex: 10 (11) Spells: 6/6 levels left

rFire   . . .      SeeInvis .   a - +0 long sword
rCold   . . .      Faith    .   c - +0 buckler
rNeg    . . .      Spirit   .   p - +0 chain mail
rPois   .          Reflect  .   (helmet restricted)
rElec   .          Harm     .   (no cloak)
rCorr   .          Rampage  .   (no gloves)
Will    .....                   (no boots)
Stlth   ..........              (no amulet)
HPRegen 0.20/turn               (no ring)
MPRegen 0.10/turn               (no ring)

@: brilliant
A: horns 2, retaliatory headbutt
a: no special abilities


You were on level 3 of the Dungeon.
You visited 1 branch of the dungeon, and saw 4 of its levels.

You collected 121 gold pieces.

Inventory:

Hand Weapons
 a - a +0 long sword (weapon)
Armour
 b - a +0 scale mail
 c - a +0 buckler (worn)
 p - a +0 chain mail (worn)
Jewellery
 f - an amulet of faith
Scrolls
 g - 3 scrolls of amnesia {unknown}
 h - a scroll of fear {unknown}
 i - a scroll of torment {unknown}
 k - a scroll of identify {unknown}
 m - 2 scrolls of teleportation {unknown}
 n - 2 scrolls of enchant weapon {unknown}
 o - a scroll of brand weapon {unknown}
Potions
 d - a potion of might
 e - 2 potions of curing
 j - a potion of brilliance
 l - 2 potions of degeneration
 q - a potion of flight {unknown}


   Skills:
 + Level 4.9 Fighting
 + Level 6.1 Long Blades
 + Level 6.2 Armour
 + Level 1.3 Dodging
 + Level 0.3 Stealth
 + Level 4.8 Shields


You had 6 spell levels left.
You didn't know any spells.
Your spell library contained the following spells:

 Spells                   Type           Power      Damage    Failure   Level
 Conjure Flame            Conj/Fire      0%         6-21      100%        3
 Ignite Poison            Fire/Tmut/Pois 0%         N/A       100%        3
 Sticky Flame             Conj/Fire      0%         2d3       100%        4


Dungeon Overview and Level Annotations

Branches:
Dungeon (4/15)
 Temple: D:4-7

Altars:

Shops:
D:3 (


Innate Abilities, Weirdness & Mutations

You have a pair of horns on your head.
You reflexively headbutt those who attack you in melee.


Message History

You closely miss the orc warrior.
The orc warrior is lightly wounded.
The orc warrior hits you with a +0 mace.
The orc warrior hits you but does no damage.
You barely miss the orc warrior. Your headbutt misses the orc warrior.
The orc warrior is lightly wounded.
The orc warrior barely misses you.
You hit the orc warrior but do no damage.
Your headbutt misses the orc warrior.
The orc warrior is lightly wounded.
You block the orc warrior's attack.
You closely miss the orc warrior.
The orc warrior is lightly wounded.
The orc warrior hits you with a +0 mace!
You hit the orc warrior but do no damage.
The orc warrior is lightly wounded.
The orc warrior hits you with a +0 mace.
You barely miss the orc warrior. Your headbutt misses the orc warrior.
The orc warrior is lightly wounded.
The orc warrior hits you with a +0 mace!
* * * LOW HITPOINT WARNING * * *
You hit the orc warrior.
The orc warrior is moderately wounded.
You block the orc warrior's attack.
You barely miss the orc warrior.
The orc warrior is moderately wounded.
The orc warrior closely misses you. You furiously retaliate!
You headbutt the orc warrior!
It was a potion of degeneration.
There was something very wrong with that liquid.
You feel weakened.
You feel dopey.
You feel clumsy.
The orc warrior hits you with a +0 mace!
* * * LOW HITPOINT WARNING * * *
It was a potion of curing.
You feel better.
The orc warrior hits you with a +0 mace.
* * * LOW HITPOINT WARNING * * *
It was a potion of brilliance.
You feel clever all of a sudden.
The orc warrior hits you with a +0 mace!
You die...

#.##..#.# #.....#
#.###.#.# #.###.# #.#
#...# #.# #.#
#.####..#######.###.#
#...................#
#######.#######.#####
#.......## #.#
#..###..†# #.# ##.#
#.[@######.# #.#
#.#o#....#.# #.#
#.#.#.##.#.# #.#
#.#....#.#.#
####.#####....#.#.#
#.......#.......#.#
##.###.###.##.###.#
#.##...##.##.# #.#
#.###.###.##.# #.#


You could see an orc warrior.

Vanquished Creatures
  Pikel (D:3)
  2 lemures (D:3)
  A hound (D:3)
  4 adders
  A worm (D:3)
  3 dart slugs
  3 endoplasms
  6 giant cockroaches
  4 goblins (D:2)
  A hobgoblin (D:2)
  7 jackals
  3 ball pythons
  5 bats
  2 frilled lizards
  6 kobolds
  2 rats (D:2)
51 creatures vanquished.

Vanquished Creatures (others)
  2 toadstools (D:4)
2 creatures vanquished.

Grand Total: 53 creatures vanquished

Notes
Turn   | Place    | Note
-------+----------+-------------------------------------------
     0 | D:1      | Peloso the Minotaur Fighter began the quest for the Orb.
     0 | D:1      | Reached XP level 1. HP: 19/19 MP: 0/0
   446 | D:1      | Reached XP level 2. HP: 9/27 MP: 1/1
  1194 | D:2      | Reached XP level 3. HP: 31/33 MP: 2/2
  1300 | D:2      | Found a faded altar of an unknown god.
  1476 | D:2      | Reached XP level 4. HP: 36/40 MP: 3/3
  1855 | D:3      | Found Qesu's Antique Weapon Shop.
  2583 | D:4      | Noticed a lemure
  2587 | D:4      | Noticed a lemure
  2588 | D:4      | Noticed a lemure
  2600 | D:3      | Killed a lemure
  2714 | D:4      | Noticed Pikel
  2725 | D:3      | Killed a lemure
  2881 | D:4      | Noticed a lemure
  3000 | D:3      | Killed Pikel
  3001 | D:3      | Reached skill level 1 in Dodging
  3001 | D:3      | Reached XP level 5. HP: 36/47 MP: 4/4
  3001 | D:3      | Reached XP level 6. HP: 42/55 MP: 5/5
  3001 | D:3      | Reached XP level 7. HP: 46/60 MP: 6/6
  3107 | D:3      | HP: 3/60 [orc warrior/+0 mace (7)]
  3109 | D:3      | Slain by an orc warrior

Illustrated notes

Levels and vault maps discovered:
D:1:      giann_wishing_wells, layout_basic, minmay_worlds_worst_comb
D:2:      layout_rooms, shapermc_ecumenical_altar_notcrosses
D:3:      layout_basic, serial_shops, shop, grunt_decor_fettered,
          minmay_misc_feat_plants, chequers_serial_rivers_small_a
D:4:      layout_basic, minmay_temple_entry_grid, minmay_gold_behind_fungi,
          hangedman_feature_mirror, roderic_cross_of_infinity,
          lemuel_old_faithful, uniq_pikel

Skill      XL: |  1  2  3  4 |
---------------+-------------+-----
Shields        | 4 |  4.8
Fighting       | 4 |  4.9
Armour         | 4 6 |  6.2
Long Blades    | 3 6 |  6.1
Dodging        | 1 |  1.3
Stealth        | |  0.3

Action                   |  1- 3 |  4- 6 |  7- 9 || total
-------------------------+-------+-------+-------++-------
Melee: Long sword        |    68 |    50 |    11 ||   129
       Headbutt          |     9 |     5 |     1 ||    15
  Use: Potion            |       |       |     3 ||     3
Armor: Scale mail        |    39 |     5 |       ||    44
       Chain mail        |       |    20 |     3 ||    23
Dodge: Dodged            |    35 |    23 |     2 ||    60
Block: Buckler           |    24 |     8 |     2 ||    34
